 Dungeon Crawl Stone Soup version 0.23-a0-422-g30b1108d6a (webtiles) character file.

1560 MirrMurr the Spear-Bearer (level 8, -1/78 HPs)
             Began as an Octopode Berserker on Nov 15, 2018.
             Was a Believer of Trog.
             Slain by a wight
             ... wielding a cursed +0 great sword
              (2 damage)
             ... on level 6 of the Dungeon.
             The game lasted 00:13:14 (5660 turns).

MirrMurr the Spear-Bearer (Octopode Berserker)      Turns: 5660, Time: 00:13:15

Health: -1/78      AC:  1    Str: 21    XL:     8   Next: 89%
Magic:  8/8        EV: 16    Int: 10    God:    Trog [**....]
Gold:   364        SH:  0    Dex: 13    Spells: 7/7 levels left

rFire    . . .     SeeInvis .   a - +0 trident
rCold    . . .     Gourm    .   (no shield)
rNeg     . . .     Faith    .   (helmet restricted)
rPois    .         Spirit   .   (no amulet)
rElec    .         Reflect  .   (no ring)
rCorr    .         Harm     .   (no ring)
MR       ++...                  (no ring)
Stlth    ..........             (no ring)
HPRegen  1.23/turn              (no ring)
MPRegen  0.11/turn              (no ring)
                                (no ring)
                                (no ring)

@: berserking, regenerating, drained, very quick
A: almost no armour, stealthy swim, amphibious, 8 rings, constrict 8, camouflage
1, gelatinous body 1
a: Berserk, Trog's Hand, Renounce Religion


You were on level 6 of the Dungeon.
You worshipped Trog.
Trog was pleased with you.
You were near starving.

You visited 2 branches of the dungeon, and saw 7 of its levels.

You collected 364 gold pieces.

Inventory:

Hand Weapons
 a - a +0 trident (weapon)
 b - a +0 hunting sling
 w - the +5 dagger "Bilutud" {pain, *Corrode MR+ Int+4}
   (You found it on level 4 of the Dungeon)

   In the hands of one skilled in necromantic magic, it inflicts extra damage on
   living creatures.
   It affects your intelligence (+4).
   It affects your resistance to hostile enchantments.
   It may corrode you when you take damage.
Missiles
 d - 166 stones (quivered)
 e - 92 sling bullets
 n - a throwing net
Jewellery
 s - an uncursed ring of ice
Wands
 m - a wand of paralysis (6)
Scrolls
 j - 3 scrolls of enchant weapon
 o - a scroll of fear
 p - a scroll of teleportation
 r - 9 scrolls of remove curse
 t - 2 scrolls of magic mapping
Potions
 f - a potion of degeneration {unknown}
 h - 2 potions of heal wounds
 i - a potion of haste {unknown}
 k - 3 potions of flight
 l - 2 potions of lignification
 u - a potion of berserk rage {unknown}
 v - a potion of might
Comestibles
 c - 11 rations
 g - 3 chunks of flesh


   Skills:
 - Level 3.0(2.6) Fighting
 * Level 8.3(7.8) Polearms
 + Level 6.1(5.7) Dodging
 + Level 7.5(7.1) Stealth


You had 7 spell levels left.
You didn't know any spells.
Your spell library was empty.

Dungeon Overview and Level Annotations

Branches:
Dungeon (6/15)             Temple (1/1) D:4

Altars:
Ashenzari
Elyvilon
Fedhas
Okawaru
Ru
Sif Muna
Trog
Uskayaw
Vehumet
Wu Jian
Xom
Zin
The Shining One


Innate Abilities, Weirdness & Mutations

You cannot wear most types of armour.
You are very stealthy in the water. (Stealth+)
You are amphibious.
You can wear up to eight rings at the same time.
You can use your tentacles to constrict eight enemies at once.
Your skin changes colour to match your surroundings (Stealth+).
Your rubbery body absorbs attacks. (AC +1, EV +1)


Message History

You are near starving!
You constrict the wight, but do no damage.
The wight closely misses you. x2
You hit the wight. You grab the wight. You squeeze the wight!
You destroy the wight!
Trog accepts your kill.
Your life force feels restored.
You constrict the wight. You puncture the wight!
The wight is severely damaged.
You constrict the wight. The wight barely misses you.
You puncture the wight!
You destroy the wight!
Trog accepts your kill.
The centaur shoots an arrow.
The arrow hits you!
* * * LOW HITPOINT WARNING * * *
The wight hits you with a cursed +0 great sword!
* * * LOW HITPOINT WARNING * * *
You feel drained.
You die...

###.# ######.#.....#
#...# #.).....#
#.### ##(..g..# #.#
#######.z..)..# #.#
#......zgg....# ..#
##.####g.##...# .##
#()##zc## #### .#
##(##zg# .###
#@##..###########
...#
#cz#.##.........#
...#
##zgg##.........#
...#
#gg.##.........#
...#
####>.###.........#
)..#
##........####.....#
...# #####..#......#
#.###.# ...#
##.............# #.#
#.# ####
#..#.....<.....# #.#
#.#


You could see a centaur, 2 wights and 4 goblins.

Vanquished Creatures
  A wyvern (D:5)
  2 sky beasts (D:5)
  A phantom (D:4)
  2 ogres
  A centaur (D:6)
  3 bullfrogs
  A scorpion (D:4)
  2 wights (D:6)
  A bullfrog zombie (D:6)
  An orc priest (D:4)
  2 hounds (D:4)
  4 orc wizards
  2 bullfrog skeletons
  3 worker ants
  A hound skeleton (D:6)
  A howler monkey zombie (D:5)
  A worker ant zombie (D:6)
  A gnoll (D:1)
  A howler monkey skeleton (D:4)
  6 adders
  A shadow imp (D:5)
  2 oozes
  An adder zombie (D:5)
  A worm (D:2)
  2 dart slugs
  A leopard gecko (D:3)
  6 orcs
  3 giant cockroaches
  3 goblins
  4 hobgoblins
  12 jackals
  3 kobolds
  4 quokkas
  2 ball pythons
  7 frilled lizards
  2 leopard gecko skeletons (D:4)
  A quokka skeleton (D:4)
  9 rats
101 creatures vanquished.

Vanquished Creatures (others)
  A plant (D:5)
1 creature vanquished.

Grand Total: 102 creatures vanquished

Notes
Turn   | Place    | Note
-------+----------+-------------------------------------------
     0 | D:1      | MirrMurr the Octopode Berserker began the quest for the
                  | Orb.
     0 | D:1      | Reached XP level 1. HP: 16/16 MP: 1/1
   194 | D:1      | Reached skill level 1 in Stealth
   194 | D:1      | Reached XP level 2. HP: 21/21 MP: 2/2
   757 | D:2      | Reached XP level 3. HP: 26/26 MP: 3/3
  1350 | D:2      | Found a sacrificial altar of Ru.
  1357 | D:2      | Reached skill level 4 in Polearms
  1357 | D:2      | Reached XP level 4. HP: 31/31 MP: 4/4
  1813 | D:3      | Found a glowing golden altar of the Shining One.
  1862 | D:3      | Found a radiant altar of Vehumet.
  2019 | D:3      | Found a bloodstained altar of Trog.
  2101 | D:3      | Reached XP level 5. HP: 29/36 MP: 5/5
  2329 | D:4      | Got an ivory dagger
  2333 | D:4      | Noticed an ogre
  2351 | D:4      | Killed an ogre
  2358 | D:4      | Reached ** piety under Trog
  2362 | D:4      | Reached skill level 5 in Polearms
  2362 | D:4      | Reached XP level 6. HP: 27/42 MP: 6/6
  2610 | D:4      | Found a staircase to the Ecumenical Temple.
  2650 | D:4      | Found an iron altar of Okawaru.
  2829 | D:4      | Reached XP level 7. HP: 34/46 MP: 7/7
  2848 | D:4      | Reached skill level 6 in Polearms
  2848 | D:4      | Reached skill level 5 in Stealth
  3242 | D:4      | Found a white marble altar of Elyvilon.
  3242 | D:4      | Found a shimmering altar of Xom.
  3254 | D:4      | Found a shattered altar of Ashenzari.
  3255 | D:4      | Found a glowing silver altar of Zin.
  3291 | D:5      | Entered Level 5 of the Dungeon
  3296 | D:5      | Identified the +5 dagger "Bilutud" {pain, *Corrode MR+
                  | Int+4} (You found it on level 4 of the Dungeon)
  3378 | D:5      | Noticed a wyvern
  3472 | D:4      | HP: 2/46 [phantom (9)]
  3744 | D:4      | Reached skill level 5 in Dodging
  3857 | Temple   | Entered the Ecumenical Temple
  3933 | D:5      | Found a hide-covered altar of Uskayaw.
  3964 | D:5      | Killed a wyvern
  3964 | D:5      | Reached XP level 8. HP: 9/52 MP: 8/8
  4261 | D:5      | Reached skill level 7 in Polearms
  4389 | D:4      | Found an ornate altar of the Wu Jian Council.
  5552 | D:6      | Reached skill level 8 in Polearms
  5660 | D:6      | HP: 1/78 [wight/cursed +0 great sword (12)]
  5660 | D:6      | Slain by a wight

Vault maps used:
D:1:      scummos_arrival_forest, hex_large, st_stairs_12, serial_bayou_pond_a
D:2:      nicolae_ru_great_annihilating_truth
D:3:      lightli_temple_of_fire, tso_oasis_becter, lemuel_crystal_altar,
          serial_curves, eino_curves_03, eino_curves_02, first_ration,
          grunt_decor_cap, kennysheep_donut
D:4:      kennysheep_mini, gammafunk_temple_overflow_statue,
          nicolae_overflow_hidden_temple, minmay_temple_entry_from_below_b,
          minmay_divided_ellipse
D:5:      overflow_temple_1_default, serial_bayou, serial_bayou_pond_a,
          serial_bayou_shore_b, serial_bayou_lagoon_a, serial_bayou_shore_a,
          serial_bayou_lake_a
D:6:      lemuel_ice_spiral_2, minmay_ogre_servants
Temple:   dpeg_chambers_temple

Skill      XL: |  1  2  3  4  5  6  7  8 |
---------------+-------------------------+-----
Stealth        | 1 2 3 4 6 7 |  7.5
Polearms       | 4 5 6 8 |  8.3
Dodging        | 4 5 6 |  6.1
Fighting       | |  3.0

Action                   |  1- 3 |  4- 6 |  7- 9 || total
-------------------------+-------+-------+-------++-------
Melee: Spear             |    49 |    71 |       ||   120
       Constrict         |     7 |    19 |    20 ||    46
       Tentacles         |     5 |    13 |    25 ||    43
       Trident           |       |    28 |   161 ||   189
 Fire: Hunting sling     |    12 |     8 |     2 ||    22
Invok: Berserk           |     2 |     2 |     4 ||     8
       Trog's Hand       |       |       |     3 ||     3
  Use: Scroll            |     5 |       |     9 ||    14
 Stab: Sleeping          |     3 |     7 |    13 ||    23
       Paralysed         |       |     2 |       ||     2
       Distracted        |       |       |     2 ||     2
  Eat: Chunk             |     2 |     8 |     5 ||    15
       Ration            |       |       |     2 ||     2
Armor: Skin              |       |    10 |     4 ||    14
Dodge: Dodged            |    15 |    74 |   100 ||   189

Table legend:
 A = Non-vault XP
 B = Vault XP
 C = Vault XP percentage of total XP
 D = Non-vault monster count
 E = Vault monster count
 F = Vault count percentage of total count
                 A         B        C        D         E       F
            +---------+---------+-------+---------+---------+-------
      Total |    1818 |     411 |  18.4 |      81 |      20 |  19.8
            +---------+---------+-------+---------+---------+-------
        D:1 |      26 |       2 |   7.1 |       8 |       1 |  11.1
        D:2 |      36 |      57 |  61.3 |      12 |       4 |  25.0
        D:3 |      46 |       0 |   0.0 |      15 |       0 |   0.0
        D:4 |     483 |     225 |  31.8 |      16 |      11 |  40.7
        D:5 |     558 |       2 |   0.4 |      13 |       1 |   7.1
        D:6 |     669 |     125 |  15.7 |      17 |       3 |  15.0
            +---------+---------+-------+---------+---------+-------
